 Dungeon Crawl Stone Soup version 0.22.1-2-g9c5b331383 (webtiles) character file.

10546 Ihlosi the Jinx (level 11, -3/67 HPs)
             Began as a Kobold Enchanter on Dec 26, 2018.
             Was an Elder of Sif Muna.
             Slain by an elephant (19 damage)
             ... on level 1 of the Lair of Beasts.
             The game lasted 00:56:42 (13494 turns).

Ihlosi the Jinx (Kobold Enchanter)                 Turns: 13494, Time: 00:56:42

Health: -3/67      AC:  9    Str:  5    XL:     11   Next: 95%
Magic:  11/21      EV: 20    Int: 19    God:    Sif Muna [****..]
Gold:   682        SH:  4    Dex: 17    Spells: 12/24 levels left

rFire    . . .     SeeInvis .   u - +0 blowgun
rCold    . . .     Gourm    .   (shield restricted)
rNeg     . . .     Faith    .   b - +0 robe
rPois    .         Spirit   .   p - +0 helmet
rElec    .         Reflect  +   (no cloak)
rCorr    .         Harm     .   n - +1 pair of gloves
MR       +....                  (no boots)
Stlth    ++++......             y - +4 amulet of reflection
HPRegen  0.21/turn              B - +4 ring of protection
MPRegen  0.17/turn              w - ring of protection from magic

@: studying 2 skills
A: small, carnivore
a: Divine Energy, Channel Magic, Forget Spell, Renounce Religion


You were on level 1 of the Lair of Beasts.
You worshipped Sif Muna.
Sif Muna was greatly pleased with you.
You were full.

You visited 3 branches of the dungeon, and saw 12 of its levels.
You also visited: Bailey.

You collected 682 gold pieces.

Inventory:

Hand Weapons
 a - a +3 dagger of freezing
 u - a +0 blowgun (weapon)
 H - the cursed +1 halberd of Plunder {antimagic, Dex+3}
   (You found it on level 7 of the Dungeon)

   It reduces the magical energy of the wielder, and disrupts the spells and
   magical abilities of those hit.
   Natural abilities and divine invocations are not affected.
   It affects your dexterity (+3).
   It has a curse placed upon it.
 Q - a +0 short sword of holy wrath
 X - a +0 scimitar
 Z - the +11 plutonium sword {*Contam Stlth-}
   (You took it off an orc warrior on level 9 of the Dungeon)

   It causes magical contamination when unequipped.
   It makes you less stealthy.
Missiles
 h - 107 bolts
 k - 2 throwing nets
 s - 53 poisoned needles
 t - 2 curare-tipped needles (quivered)
 U - 7 needles of frenzy
Armour
 b - a +0 robe (worn)
 n - a +1 pair of gloves (worn)
 p - a +0 helmet (worn)
 D - the +1 buckler of Voz Juo {*Slow rPois rF++ SInv}
   (You acquired it in a bailey)

   It greatly protects you from fire.
   It protects you from poison.
   It lets you see invisible.
   It may slow you when you take damage.
Jewellery
 l - a +5 ring of strength
 m - an uncursed amulet of magic regeneration
 w - a ring of protection from magic (right hand)
 x - an uncursed ring of protection from magic
 y - a +4 amulet of reflection (around neck)
 B - a +4 ring of protection (left hand)
 I - a +3 ring of evasion
 T - an uncursed ring of magical power
 Y - the amulet of Patience {Faith rElec Str+4}
   (You took it off an orc warrior on level 9 of the Dungeon)

   [amulet of faith]

   It allows you to gain divine favour quickly.
   It affects your strength (+4).
   It insulates you from electricity.
Wands
 q - a wand of digging (13)
 E - a wand of flame (24)
 N - a wand of random effects (38)
Scrolls
 c - a scroll of enchant weapon
 e - 7 scrolls of immolation
 f - 8 scrolls of remove curse
 i - 2 scrolls of amnesia
 j - 3 scrolls of identify
 C - 2 scrolls of fog
 L - 2 scrolls of fear
 V - a scroll of teleportation
Potions
 g - 2 potions of lignification
 o - a potion of berserk rage
 r - a potion of might
 v - 9 potions of curing
 J - a potion of invisibility
 K - a potion of flight
 M - a potion of mutation
 O - 2 potions of cancellation
 P - a potion of agility
 R - a potion of brilliance
 S - a potion of heal wounds
 W - a potion of resistance
Books
 A - a manual of Shields
 G - a manual of Fighting
Miscellaneous
 z - a sack of spiders
Comestibles
 d - 20 rations


   Skills:
 * Level 7.1 Fighting
 * Level 7.8 Short Blades
 - Level 1.0 Armour
 * Level 7.2 Dodging
 * Level 9.5 Stealth
 * Level 2.5 Shields
 * Level 7.1 Spellcasting
 * Level 4.7 Conjurations
 * Level 9.5 Hexes
 - Level 1.0 Ice Magic
 - Level 6.0 Evocations


You had 12 spell levels left.
You knew the following spells:

 Your Spells              Type           Power        Failure   Level  Hunger
a - Corona                Hex            #####..      1%          1    None
b - Ensorcelled Hibernat  Hex/Ice        ####..       1%          2    None
c - Confuse               Hex            #####...     1%          3    #......
d - Dazzling Spray        Conj/Hex       ####..       1%          3    #......
e - Tukima's Dance        Hex            #####...     1%          3    #......

Your spell library contained the following spells:

 Spells                   Type           Power        Failure   Level  Hunger
 Leda's Liquefaction      Hex/Erth       ####......   14%         4    ###....
 Blink                    Tloc           N/A          16%         2    None
 Teleport Other           Tloc           #.......     30%         3    #......
 Iron Shot                Conj/Erth      ###.......   99%         6    ######.


Dungeon Overview and Level Annotations

Branches:
Dungeon (10/15)            Temple (1/1) D:4            Lair (1/6) D:10
    Orc: D:9-12

Altars:
Ashenzari
Cheibriados
Dithmenos
Elyvilon
Fedhas
Gozag
Hepliaklqana
Kikubaaqudgha
Makhleb
Nemelex Xobeh
Okawaru
Qazlal
Ru
Sif Muna
Trog
Uskayaw
Vehumet
Wu Jian
Xom
Yredelemnul
Zin
The Shining One

Annotations:
D:7 2 transporters


Innate Abilities, Weirdness & Mutations

You are small and have problems with some larger weapons.
You are carnivorous and can eat meat at any time.


Message History

You stumble backwards!
Quiver which item? (- for none, * to show all) (? for menu, Esc to quit)
Quivering
t - 4 curare-tipped needles for blowguns.
Firing (i - inventory. (/) - cycle)
t - 4 curare-tipped needles (quivered)
Press: ? - help, Shift-Dir - straight line, f/p - elephant
Aim: an elephant (severely wounded, poisoned) Really fire in your soldier ant's direction? [Y]es or [N]o only, please.
Really fire in your soldier ant's direction?
You shoot a curare-tipped needle.
The curare-tipped needle barely misses the elephant.
The curare-tipped needle barely misses your soldier ant.
The elephant looks more healthy.
Firing (i - inventory. (/) - cycle)
t - 3 curare-tipped needles (quivered)
Press: ? - help, Shift-Dir - straight line, f/p - elephant
Aim: an elephant (severely wounded)
You shoot a curare-tipped needle.
The curare-tipped needle barely misses the elephant.
The elephant tramples you!!
You die...

#.....## #....♣.♣.♣....P♣♣.♣.♣
#......# #.....♣.♣.♣..♣.♣.♣♣♣♣
#.....## #....♣.♣ ♣PP♣♣.♣.♣ ♣♣
+.....#####.#...♣♣ ♣.♣♣##..♣♣.♣
#..†........#...# ♣♣ #....♣♣
#...........#...# #....P♣♣
...#######..#...# ##.......
................#########........
................@Ya....(.........
....<..........................(.
#####.#####.########.#.###.##.###
### ### ##### ######


You could see an elephant and a friendly soldier ant.

Vanquished Creatures
  An elephant (Lair:1)
  A spiny frog (Lair:1)
  A komodo dragon (Lair:1)
  A troll (D:9)
  2 hornets
  3 hippogriffs (Lair:1)
  2 yaks (D:9)
  3 hungry ghosts
  3 water moccasins
  2 acid dragons
  Edmund (D:5)
  Menkaure (D:6)
  4 porcupines (Lair:1)
  2 ice beasts
  2 sky beasts
  16 orc warriors
  8 ogres
  2 black bears
  A necrophage (D:7)
  6 wolves (Lair:1)
  8 centaurs
  A crocodile (Lair:1)
  2 big kobolds (D:7)
  Blork the orc (D:6)
  4 bullfrogs
  6 scorpions
  5 killer bees (D:8)
  3 howler monkeys
  3 crimson imps
  A bullfrog zombie (D:7)
  A centaur skeleton (D:4)
  A jelly (D:8)
  5 orc wizards
  7 orc priests
  A bullfrog skeleton (D:6)
  5 hounds
  8 worker ants
  Jessica (D:3)
  Ijyb (D:5)
  Terence (D:2)
  6 iguanas
  A killer bee zombie (D:8)
  2 hound skeletons
  Robin (D:2)
  8 gnolls
  6 adders
  A shadow imp (D:9)
  5 worms
  An adder skeleton (D:5)
  A dart slug (D:1)
  3 leopard geckos
  50 orcs
  11 bats
  4 giant cockroaches
  14 goblins
  9 hobgoblins
  6 jackals
  10 quokkas
  2 ball pythons
  5 frilled lizards
  13 kobolds
  A leopard gecko skeleton (D:4)
  A leopard gecko zombie (D:7)
  A quokka skeleton (D:5)
  A quokka zombie (D:8)
  4 rats
294 creatures vanquished.

Vanquished Creatures (others)
  A centaur (Bailey)
  A human (D:5)
  An orc (D:2)
  A fungus (Lair:1)
  3 plants
7 creatures vanquished.

Grand Total: 301 creatures vanquished

Notes
Turn   | Place    | Note
-------+----------+-------------------------------------------
     0 | D:1      | Ihlosi the Kobold Enchanter began the quest for the Orb.
     0 | D:1      | Reached XP level 1. HP: 10/10 MP: 3/3
   430 | D:1      | Reached XP level 2. HP: 14/16 MP: 5/5
   442 | D:1      | Learned a level 2 spell: Ensorcelled Hibernation
   779 | D:1      | Reached XP level 3. HP: 20/20 MP: 6/6
  1673 | D:2      | Noticed Robin
  1687 | D:2      | Killed Robin
  1687 | D:2      | Reached XP level 4. HP: 12/24 MP: 3/7
  1698 | D:2      | Reached skill level 1 in Fighting
  2209 | D:2      | Reached skill level 5 in Stealth
  2209 | D:2      | Reached XP level 5. HP: 20/29 MP: 8/8
  2305 | D:2      | Noticed Terence
  2397 | D:2      | Noticed a sky beast
  2598 | D:2      | Killed a sky beast
  2598 | D:2      | Reached XP level 6. HP: 35/35 MP: 10/10
  2623 | D:2      | Killed Terence
  2749 | D:3      | Reached skill level 1 in Ice Magic
  3023 | D:3      | Learned a level 3 spell: Confuse
  3027 | D:3      | Learned a level 3 spell: Dazzling Spray
  3210 | D:3      | Reached skill level 1 in Conjurations
  3210 | D:3      | Reached XP level 7. HP: 27/41 MP: 8/11
  3300 | D:3      | Noticed Jessica
  3307 | D:3      | Killed Jessica
  3970 | D:4      | Reached skill level 5 in Hexes
  4147 | D:4      | Found a staircase to the Ecumenical Temple.
  4156 | Temple   | Entered the Ecumenical Temple
  4159 | Temple   | Became a worshipper of Sif Muna the Loreminder
  4565 | D:4      | Reached XP level 8. HP: 32/46 MP: 1/12
  5028 | D:5      | Entered Level 5 of the Dungeon
  5030 | D:5      | Noticed Edmund
  5041 | D:5      | Killed Edmund
  5041 | D:5      | Reached skill level 1 in Armour
  5126 | D:5      | Noticed Ijyb
  5151 | D:5      | Killed Ijyb
  5338 | D:5      | Found an ancient bone altar of Kikubaaqudgha.
  5662 | D:5      | Noticed a human
  5664 | D:5      | Killed a human
  6030 | D:6      | Reached skill level 1 in Evocations
  6143 | D:6      | Noticed Menkaure
  6149 | D:6      | Killed Menkaure
  6149 | D:6      | Reached XP level 9. HP: 28/52 MP: 1/14
  6671 | D:6      | Noticed Blork the orc
  6678 | D:6      | Killed Blork the orc
  6774 | D:6      | Reached skill level 5 in Short Blades
  7185 | D:7      | Found a transporter.
  7235 | D:7      | Reached * piety under Sif Muna
  7281 | D:7      | Found a flagged portal.
  7328 | Bailey   | Entered a bailey
  7601 | Bailey   | Reached skill level 5 in Dodging
  7601 | Bailey   | Reached XP level 10. HP: 49/58 MP: 13/16
  7653 | Bailey   | Reached skill level 5 in Fighting
  8073 | Bailey   | Reached skill level 5 in Spellcasting
  8504 | Bailey   | Reached ** piety under Sif Muna
  8551 | Bailey   | Identified a scroll of acquirement
  8552 | Bailey   | Got a shimmering buckler
  8559 | Bailey   | Identified the +1 buckler of Voz Juo {*Slow rPois rF++
                  | SInv} (You acquired it in a bailey)
  8661 | D:7      | Got a dazzling halberd
  9445 | D:7      | Found a transporter.
  9629 | D:7      | Reached skill level 5 in Evocations
  9636 | D:7      | Learned a level 3 spell: Tukima's Dance
 10191 | D:8      | Reached XP level 11. HP: 64/64 MP: 15/19
 10784 | D:9      | Paralysed by a hornet for 1 turns
 10908 | D:9      | Reached *** piety under Sif Muna
 11735 | D:9      | Reached skill level 1 in Shields
 11939 | D:9      | Got an ancient silver amulet
 11941 | D:9      | Identified the amulet of Patience {Faith rElec Str+4} (You
                  | took it off an orc warrior on level 9 of the Dungeon)
 11995 | D:9      | Identified the Catalogue of Stones and Displacement
 12201 | D:10     | Entered Level 10 of the Dungeon
 12207 | D:10     | Identified the cursed +1 halberd of Plunder {antimagic,
                  | Dex+3} (You found it on level 7 of the Dungeon)
 12344 | D:10     | Found a staircase to the Lair.
 12359 | Lair:1   | Entered Level 1 of the Lair of Beasts
 12995 | Lair:1   | Reached **** piety under Sif Muna
 13175 | Lair:1   | Noticed an elephant
 13192 | Lair:1   | Killed an elephant
 13361 | Lair:1   | Noticed an elephant
 13494 | Lair:1   | Slain by an elephant

Skill      XL: |  1  2  3  4  5  6  7  8  9 10 11 |
---------------+----------------------------------+-----
Short Blades   | 2 3 4 5 6 7 |  7.8
Fighting       | 1 2 3 4 5 7 |  7.1
Dodging        | 3 4 5 6 7 |  7.2
Stealth        | 5 6 7 9 |  9.5
Spellcasting   | 3 4 5 7 |  7.1
Ice Magic      | 1 |  1.0
Hexes          | 4 5 6 7 8 9 |  9.5
Conjurations   | 1 2 3 4 |  4.7
Armour         | 1 |  1.0
Evocations     | 1 3 5 6 |  6.0
Shields        | 2 |  2.5

Action                   |  1- 3 |  4- 6 |  7- 9 | 10-12 || total
-------------------------+-------+-------+-------+-------++-------
Melee: Dagger            |   166 |   132 |   213 |   285 ||   796
 Fire: Blowgun           |       |       |       |     2 ||     2
 Cast: Ensorcelled Hiber |     3 |    16 |    75 |   132 ||   226
       Confuse           |       |       |     6 |     9 ||    15
       Dazzling Spray    |       |       |     1 |     2 ||     3
       Corona            |       |       |     1 |       ||     1
Evoke: Wand              |       |       |    22 |     5 ||    27
       Sack of spiders   |       |       |       |     1 ||     1
  Use: Potion            |     4 |     2 |       |     1 ||     7
       Scroll            |       |       |    14 |    10 ||    24
 Stab: Sleeping          |     5 |    17 |    46 |    95 ||   163
       Invisible         |       |     2 |       |       ||     2
       Distracted        |       |     1 |       |       ||     1
       Confused          |       |       |     2 |     5 ||     7
  Eat: Chunk             |    11 |     6 |    14 |    19 ||    50
Armor: Robe              |    21 |    23 |    30 |    29 ||   103
Dodge: Dodged            |   119 |    70 |   149 |   244 ||   582
Block: Other             |       |       |    24 |    64 ||    88
       Reflection        |       |       |       |     9 ||     9
